 Dungeon Crawl Stone Soup version 0.19.5 (webtiles) character file.

1432 ArtsTyrian the Grappler (level 8, -10/65 (67) HPs)
             Began as a Ghoul Monk on May 16, 2017.
             Was a Believer of Qazlal.
             Killed from afar by a steam dragon (24 damage)
             ... with a ball of steam
             ... on level 6 of the Dungeon.
             The game lasted 00:49:31 (5207 turns).

ArtsTyrian the Grappler (Ghoul Monk)                Turns: 5207, Time: 00:49:32

HP:   -10/65 (67)   AC: 15    Str: 17    XL:     8   Next: 73%
MP:   7/7           EV:  8    Int:  5    God:    Qazlal [**....]
Gold: 395           SH:  9    Dex: 11    Spells: 0 memorised, 7 levels left

rFire  . . .     SeeInvis .       - Unarmed
rCold  + . .     Gourm    .     i - +0 chain mail
rNeg   + + +     Faith    .     l - +2 buckler
rPois  ∞         Spirit   .     C - +0 helmet
rElec  .         Reflect  .     G - +0 cloak
rCorr  .         Harm     .     (no gloves)
MR     .....                    q - +2 pair of boots
Stlth  ..........               (no amulet)
                                (no ring)
                                (no ring)

@: rotting
A: rotting body, claws 1, carnivore 3, cold resistance 1, negative energy
resistance 3, slow regeneration 1, torment resistance, unbreathing
a: Upheaval, Renounce Religion


You were on level 6 of the Dungeon.
You worshipped Qazlal.
Qazlal was pleased with you.
You were not hungry.

You visited 2 branches of the dungeon, and saw 7 of its levels.

You collected 395 gold pieces.

Inventory:

Hand Weapons
 m - a +1 dagger of speed
 x - a +2 hand axe of chopping
 A - a +2 spear of venom
Missiles
 t - 18 poisoned needles
Armour
 a - a +0 robe
 i - a +0 chain mail (worn)
 l - a +2 buckler (worn)
 o - a +0 chain mail
 q - a +2 pair of boots (worn)
 B - a +0 leather armour
 C - a +0 helmet (worn)
 G - a +0 cloak (worn)
Wands
 s - a wand of random effects (14/48)
Scrolls
 c - 3 scrolls of recharging
 d - a scroll of identify
 f - 3 scrolls of teleportation
 h - a scroll of fog
 p - a scroll of magic mapping
 y - a scroll of enchant armour {unknown}
 z - a scroll of random uselessness
Potions
 e - 2 potions of invisibility {unknown}
 g - 3 potions of brilliance {unknown}
 j - a potion of mutation {unknown}
 k - a potion of flight {unknown}
 n - 3 potions of lignification {unknown}
 r - a potion of agility {unknown}
 u - a potion of resistance {unknown}
 v - 2 potions of curing {unknown}
 w - a potion of heal wounds {unknown}
 D - a potion of cure mutation {unknown}
 H - 2 potions of haste {unknown}
Comestibles
 b - 6 meat rations
 E - a beef jerky
 F - a royal jelly
 I - a slice of pizza


   Skills:
 + Level 4.5 Fighting
 + Level 4.5 Armour
 + Level 3.5 Dodging
 + Level 2.9 Stealth
 + Level 3.3 Shields
 + Level 8.4 Unarmed Combat


You had 7 spell levels left.
You didn't know any spells.

Dungeon Overview and Level Annotations

Branches:
Dungeon (6/15)             Temple (1/1) D:6

Altars:
Dithmenos
Elyvilon
Gozag
Hepliaklqana
Kikubaaqudgha
Makhleb
Okawaru
Qazlal
Ru
Uskayaw
Vehumet
Xom
Yredelemnul
Zin
The Shining One

Shops:
D:6 *


Innate Abilities, Weirdness & Mutations

Your body is rotting away.
You thrive on raw meat.
You are immune to poison.
You have sharp fingernails.
You are carnivorous and can eat meat at any time.
Your flesh is cold resistant. (rC+)
You are immune to negative energy. (rN+++)
You regenerate slowly when monsters are visible.
You are immune to unholy pain and torment.
You can survive without breathing.


Message History

You block the steam dragon's attack.
The steam dragon claws you but does no damage.
You scratch the steam dragon.
The steam dragon is lightly wounded.
The steam dragon bites you but does no damage.
The steam dragon claws you but does no damage.
You closely miss the steam dragon.
The steam dragon is lightly wounded.
The steam dragon breathes steam at you. The ball of steam hits you!
* * * LOW HITPOINT WARNING * * *
The steam dragon bites the plant.
The steam dragon claws the plant but does no damage.
Something bites the plant.
Something claws the plant but does no damage.
Found a scroll of remove curse.
You see here a scroll of remove curse.
The steam dragon breathes steam at you. The ball of steam hits you!
You die...

..... ...##
#.............
#............##
####..............
#..........>......
#.......#.#..##.##
#.#.###...#......#
#@§§.......#.P....
##?§§§D....D..PP..
##.###.#.##.PP.PP
#.....####..P.>.
########.§.§.P.P
######)#.P..PP
#....#)#.....P
#.##.#§#......
#.##.#.#.#...#


There were no monsters in sight!

Vanquished Creatures
  A steam dragon (D:5)
  A black bear (D:6)
  A phantom (D:4)
  An ogre (Temple)
  The ghost of siprus the Pure, an amateur DsAK of Lugonu (D:4)
  A centaur (D:6)
  3 scorpions
  5 wights (D:6)
  An oklob sapling (D:6)
  A crimson imp (D:5)
  2 gnoll shamans (D:4)
  3 worker ants
  12 gnolls
  10 adders
  A shadow imp (D:5)
  An ooze (D:3)
  An adder skeleton (D:6)
  2 worms
  4 dart slugs (D:1)
  7 leopard geckos
  2 orcs
  4 bats
  2 giant cockroaches
  9 goblins
  7 hobgoblins
  4 jackals (D:2)
  4 kobolds
  A quokka (D:3)
  2 ball pythons
  5 frilled lizards
  A quokka skeleton (D:5)
  5 rats
  A plant (D:6)
106 creatures vanquished.

Vanquished Creatures (others)
  4 plants (D:6)
4 creatures vanquished.

Grand Total: 110 creatures vanquished

Notes
Turn   | Place    | Note
-------+----------+-------------------------------------------
     0 | D:1      | ArtsTyrian the Ghoul Monk began the quest for the Orb.
     0 | D:1      | Reached XP level 1. HP: 19/19 MP: 0/0
   119 | D:1      | Reached XP level 2. HP: 5/26 MP: 1/1
   498 | D:1      | Reached XP level 3. HP: 27/31 MP: 2/2
   526 | D:1      | Reached skill level 4 in Unarmed Combat
   850 | D:2      | Reached XP level 4. HP: 29/40 MP: 3/3
  1590 | D:3      | Reached XP level 5. HP: 38/46 MP: 4/4
  1684 | D:3      | Reached skill level 1 in Armour
  1715 | D:3      | Reached skill level 5 in Unarmed Combat
  2086 | D:4      | Noticed a phantom
  2105 | D:4      | Killed a phantom
  2105 | D:4      | Reached skill level 6 in Unarmed Combat
  2105 | D:4      | Reached XP level 6. HP: 42/52 MP: 5/5
  2184 | D:4      | Found a glowing golden altar of the Shining One.
  2296 | D:4      | Reached skill level 1 in Shields
  2334 | D:4      | Found a hazy altar of Hepliaklqana.
  2530 | D:4      | Noticed siprus's ghost (amateur DsAK)
  2539 | D:4      | Reached XP level 7. HP: 39/58 MP: 6/6
  2571 | D:5      | Entered Level 5 of the Dungeon
  2845 | D:4      | Found a sand-covered staircase.
  2888 | D:4      | Found a hide-covered altar of Uskayaw.
  3127 | D:4      | Killed siprus's ghost
  3800 | D:5      | Reached skill level 7 in Unarmed Combat
  3987 | D:5      | Noticed a steam dragon
  3988 | D:5      | Noticed a steam dragon
  4008 | D:5      | Killed a steam dragon
  4008 | D:5      | Reached XP level 8. HP: 17/67 MP: 7/7
  4178 | D:6      | Found a staircase to the Ecumenical Temple.
  4198 | D:6      | Found an opulent altar of Gozag.
  4198 | D:6      | Found Gozag's Platinum Reserve.
  4214 | Temple   | Entered the Ecumenical Temple
  4433 | Temple   | Became a worshipper of Qazlal Stormbringer
  4433 | Temple   | Reached * piety under Qazlal
  4433 | Temple   | Reached ** piety under Qazlal
  5145 | D:6      | Reached skill level 8 in Unarmed Combat
  5207 | D:6      | Killed from afar by a steam dragon

Skill      XL: |  1  2  3  4  5  6  7  8 |
---------------+-------------------------+-----
Unarmed Combat | 4 6 7 8 |  8.4
Dodging        | 3 |  3.5
Armour         | 1 2 3 4 |  4.5
Shields        | 1 2 3 |  3.3
Fighting       | 4 |  4.5
Stealth        | |  2.9

Action                   |  1- 3 |  4- 6 |  7- 9 || total
-------------------------+-------+-------+-------++-------
Melee: Unarmed           |   112 |   215 |   250 ||   577
  Use: Scroll            |       |       |     7 ||     7
  Eat: Chunk             |    16 |    36 |    13 ||    65
       Pizza             |       |     1 |       ||     1
Armor: Robe              |     6 |       |       ||     6
       Chain mail        |    39 |    93 |   104 ||   236
Dodge: Dodged            |    46 |    51 |    56 ||   153
Block: Buckler           |       |    31 |    72 ||   103
